 Dungeon Crawl Stone Soup version 0.18-a0-1196-g09327cf (webtiles) character file.

35 Oddball22 the Charlatan (level 3, 0/18 HPs)
             Began as a Vine Stalker Artificer on Jan 30, 2016.
             Succumbed to an adder's poison
             ... on level 2 of the Dungeon.
             The game lasted 00:03:21 (1736 turns).

Oddball22 the Charlatan (Vine Stalker Artificer)    Turns: 1736, Time: 00:03:21

Health: 0/18       AC:  5    Str: 13    XL:     3   Next: 35%
Magic:  2/6        EV: 17    Int: 12    God:
Gold:   46         SH:  0    Dex: 20    Spells: 0 memorised, 2 levels left

rFire  . . .     SeeInvis .     o - +1 dagger (freeze)
rCold  . . .     Gourm    .     b - +0 leather armour
rNeg   . . .     Faith    .     (no shield)
rPois  .         Spirit   +     (no helmet)
rElec  .         Dismiss  .     r - +0 cloak (curse)
rCorr  .         Reflect  .     p - +0 pair of gloves
SustAt .         Harm     .     (no boots)
MR     .....                    (no amulet)
Stlth  +++.......               (no ring)
                                (no ring)

@: agile, lethally poisoned (0 -> -1), not resistant to hostile enchantments,
fairly stealthy
A: fangs 2, regeneration 1, magic shield, antimagic bite, no device heal 3, rot
immunity
a: no special abilities


You were on level 2 of the Dungeon.
You were not hungry.

You visited 1 branch of the dungeon, and saw 3 of its levels.

You collected 46 gold pieces.

Inventory:

Hand Weapons
 g - a +1 mace of venom
 o - a +1 dagger of freezing (weapon)
Armour
 b - a +0 leather armour (worn)
 p - a +0 pair of gloves (worn)
 r - a cursed +0 cloak (worn)
Wands
 c - a wand of flame (15/48)
 d - a wand of enslavement (15/24)
 e - a wand of random effects (15/48)
Scrolls
 a - a scroll of recharging {unknown}
 h - a scroll of fear {unknown}
 i - 2 scrolls of teleportation {unknown}
 k - 4 scrolls of identify {unknown}
 l - a scroll of magic mapping {unknown}
 m - 3 scrolls of random uselessness {unknown}
 s - a scroll of remove curse {unknown}
 t - a scroll of amnesia {unknown}
Books
 q - a book of Flames

   Spells                             Type                      Level
   a - Flame Tongue                   Conjuration/Fire             1
   b - Throw Flame                    Conjuration/Fire             2
   c - Conjure Flame                  Conjuration/Fire             3
   d - Inner Flame                    Hexes/Fire                   3
   e - Sticky Flame                   Conjuration/Fire             4
   f - Fireball                       Conjuration/Fire             5
Comestibles
 f - 2 bread rations
 u - 3 chunks of flesh
 v - a fruit


   Skills:
 + Level 1.5 Fighting
 * Level 2.1 Short Blades
 + Level 1.9 Dodging
 - Level 1.2 Stealth
 - Level 2.6 Evocations


You had 2 spell levels left.
You didn't know any spells.

Dungeon Overview and Level Annotations

Branches:
Dungeon (3/15)

Altars:
Elyvilon
Fedhas
Yredelemnul

Annotations:
D:3 Natasha


Innate Abilities, Weirdness & Mutations

You have extremely sharp teeth.
Your natural rate of healing is unusually fast.
When hurt, damage is shared between your health and your magic reserves.
Your bite disrupts and absorbs the magic of your enemies.
Potions and wands cannot restore your health.
You are immune to rotting.


Message History

You feel agile all of a sudden. The adder bites you but does no damage.
The orc hits you with a trident.
* * * LOW HITPOINT WARNING * * *
The orc barely misses you.
You hit the orc but do no damage. You bite the orc. You drain its power.
You feel invigorated.
The orc is heavily wounded.
* * * LOW HITPOINT WARNING * * *
You feel sick. The adder barely misses you. The orc hits you with a trident.
You closely miss the orc.
The orc is heavily wounded.
The adder misses you. The orc hits you with a mace.
You barely miss the orc. You bite the orc. You drain its power.
You feel invigorated.
The orc is heavily wounded.
The adder closely misses you. The orc closely misses you. The orc misses you.
The adder misses you.
You hit the orc. You freeze the orc.
You kill the orc!
You die...

#.#....#.....# #.........#
#.#....###...##### #.........#
#....>.# ##......# ##.......##
#.#....# ##...#.## #.........#
###....# ##.....## #...).....#
###### ##.#...###.........#
#.##..............#
#.###.###.........#
#.#@)..###.......##
#.oS#..#.........#
##.............##.# #
######..####...#....##.#
########.[.................##.#
...............#####..##......#
........######## #....##.####
###..##....### #.##....#
....######...## ###....##


You could see an adder and an orc.

Vanquished Creatures
  An ooze (D:2)
  A giant gecko (D:2)
  2 orcs (D:2)
  A giant cockroach (D:1)
  5 goblins (D:1)
  5 hobgoblins
  5 kobolds
  2 bats (D:2)
  5 giant newts
  A rat (D:2)
28 creatures vanquished.

Notes
Turn   | Place    | Note
--------------------------------------------------------------
     0 | D:1      | Oddball22 the Vine Stalker Artificer began the quest for the Orb.
     0 | D:1      | Reached XP level 1. HP: 9/9 MP: 3/3
     8 | D:1      | Reached skill level 1 in Fighting
     8 | D:1      | Reached skill level 1 in Short Blades
   166 | D:1      | Reached XP level 2. HP: 14/14 MP: 5/5
  1068 | D:2      | Reached XP level 3. HP: 18/18 MP: 6/6
  1349 | D:2      | Found a blossoming altar of Fedhas.
  1447 | D:2      | Found a white marble altar of Elyvilon.
  1510 | D:2      | Found a basalt altar of Yredelemnul.
  1730 | D:3      | Noticed Natasha
  1736 | D:2      | Succumbed to an adder's poison

Vault maps used:
D:1:      dpeg_arrival_morbid_curiosity
D:2:      kennysheep_ying_yang, marbit_many_paths, first_bread
D:3:      nemelex_deck, uniq_natasha

Action                   || total
-------------------------++-------
Melee: Short sword       ||    51
       Dagger            ||    48
  Use: Potion            ||     2
 Stab: Sleeping          ||     2
  Eat: Chunk             ||     3
